 Dungeon Crawl Stone Soup version 0.30-a0-632-g346586fe48 (webtiles) character file.

Game seed: 6285293983964340302

3647 Dirtsage the Transmogrifier (level 10, 0/75 HPs)
             Began as an Octopode Transmuter on Jan 13, 2023.
             Was a Follower of the Shining One.
             Slain by an orc warrior
             ... wielding a +3 long sword
              (10 damage)
             ... on level 9 of the Dungeon.
             The game lasted 00:18:24 (7009 turns).

Dirtsage the Transmogrifier (Octopode Transmuter)   Turns: 7009, Time: 00:18:24

Health: 0/75       AC: 10    Str: 15    XL:     10   Next: 12%
Magic:  12/13      EV: 11    Int: 26    God:    the Shining One [*.....]
Gold:   402        SH:  0    Dex: 13    Spells: 6/13 levels left

rFire   x . .      SeeInvis +      - Unarmed
rCold   + + +      Faith    .    (shield currently unavailable)
rNeg    . . .      Spirit   .    (helmet currently unavailable)
rPois   +          Reflect  .    (no amulet)
rElec   .          Harm     .    b - ring of willpower
rCorr   +          Rampage  .    S - ring of see invisible
Will    +++..                    j - +4 ring of slaying
Stlth   +                        n - ring of willpower
HPRegen 0.32/turn                p - +6 ring of intelligence
MPRegen 0.13/turn                r - +6 ring of strength
                                 C - ring of resist corrosion
                                 z - ring of willpower

@: ice-form, wereblooded, glowing
A: freezing attack, boosted hp, almost no armour, amphibious, 8 rings, large,
(camouflage 1), (gelatinous body 1), (nimble swimmer 1), (tentacles)
a: End Transformation, Renounce Religion, Divine Shield


You were on level 9 of the Dungeon.
You worshipped the Shining One.
The Shining One was aware of your devotion.
You were a creature of crystalline ice.
You visited 2 branches of the dungeon, and saw 10 of its levels.

You collected 402 gold pieces.

Inventory:

Magical Staves
 q - a staff of earth
 s - a staff of conjuration
Jewellery
 b - a ring of willpower (left front paw)
 j - a +4 ring of slaying (on tentacle)
 n - a ring of willpower (on tentacle)
 p - a +6 ring of intelligence (on tentacle)
 r - a +6 ring of strength (on tentacle)
 y - a ring of magical power
 z - a ring of willpower (on tentacle)
 C - a ring of resist corrosion (on tentacle)
 S - a ring of see invisible (right front paw)
Wands
 B - a wand of flame (26)
 D - a wand of quicksilver (10)
 E - a wand of polymorph (6)
Scrolls
 c - 2 scrolls of immolation {unknown}
 f - a scroll of vulnerability
 g - 2 scrolls of fog
 h - 2 scrolls of amnesia {unknown}
 k - a scroll of noise
 m - 3 scrolls of enchant weapon
 o - a scroll of magic mapping
 t - 2 scrolls of teleportation
 v - a scroll of torment
 A - a scroll of enchant armour
 H - a scroll of silence {unknown}
Potions
 a - 6 potions of lignification
 d - 3 potions of haste {unknown}
 e - 6 potions of flight {unknown}
 l - a potion of ambrosia {unknown}
 u - 4 potions of curing {unknown}
 w - a potion of berserk rage {unknown}
 x - a potion of mutation {unknown}
 F - a potion of brilliance {unknown}
 G - a potion of heal wounds {unknown}
 I - a potion of might {unknown}
 J - a potion of attraction {unknown}


   Skills:
 + Level 3.2 Fighting
 + Level 3.8 Dodging
 * Level 5.5 Unarmed Combat
 - Level 2.0 Spellcasting
 + Level 2.9 Summonings
 + Level 8.7 Transmutations
 - Level 8.0 Ice Magic
 + Level 3.3 Invocations


You had 6 spell levels left.
You knew the following spells:

 Your Spells              Type           Power      Damage    Failure   Level
a - Beastly Appendage     Tmut           96%        N/A       1%          1
b - Wereblood             Tmut           48%        N/A       1%          2
c - Ice Form              Ice/Tmut       46%        N/A       3%          4

Your spell library contained the following spells:

 Spells                   Type           Power      Damage    Failure   Level
 Passwall                 Tmut/Erth      20%        N/A       2%          2
 Ensorcelled Hibernation  Hex/Ice        46%        N/A       3%          2
 Spider Form              Tmut/Pois      25%        N/A       5%          3
 Apportation              Tloc           4%         N/A       11%         1
 Kiss of Death            Conj/Necr      8%         2d6       11%         1
 Summon Ice Beast         Ice/Summ       31%        N/A       11%         4
 Static Discharge         Conj/Air       4%         2-3/arc   16%         2
 Confusing Touch          Hex            2%         N/A       30%         3
 Swiftness                Air            2%         N/A       30%         3
 Vhi's Electric Charge    Tloc/Air       4%         N/A       30%         3
 Alistair's Intoxication  Tmut/Pois      16%        N/A       43%         5
 Dispel Undead            Necr           2%         3d7       71%         4
 Summon Forest            Summ/Tloc      5%         N/A       85%         5
 Summon Mana Viper        Hex/Summ       10%        N/A       85%         5
 Eringya's Noxious Bog    Tmut/Pois      12%        N/A       95%         6
 Arcjolt                  Conj/Air       1%         1d11      96%         5
 Borgnjor's Vile Clutch   Necr/Erth      1%         N/A       96%         5
 Lightning Bolt           Conj/Air       1%         1d12      96%         5
 Summon Cactus Giant      Summ           9%         N/A       99%         6
 Monstrous Menagerie      Summ           9%         N/A       100%        7


Dungeon Overview and Level Annotations

Branches:
Dungeon (9/15)             Temple (1/1) D:6
   Lair: D:8-11         Orc: D:9-12

Altars:
Ashenzari
Cheibriados
Fedhas
Kikubaaqudgha
Okawaru
Sif Muna
Trog
Uskayaw
Vehumet
The Shining One

Annotations:
D:4 1 runed translucent door, Crazy Yiuf


Innate Abilities, Weirdness & Mutations

You are a creature of crystalline ice.
You have a powerful freezing melee attack.
Your maximum health is increased.
Your armour is entirely melded.
You are incapable of wielding weapons or throwing items.
You cannot wear most types of armour.
You are amphibious.
You can wear up to eight rings at the same time.
((Your skin changes colour to match your surroundings (Stealth+).))
((Your rubbery body absorbs attacks. (AC +1, EV +1)))
((You are camouflaged when in or above water. (Stealth+)))
((You have tentacles for arms and can constrict up to eight enemies at once.))


Message History

The gnoll sergeant completely misses you.
The gnoll closely misses you.
You punch the gnoll! You freeze the gnoll.
You feel a bit better.
You kill the gnoll!
The gnoll sergeant hits you from afar with a +0 trident!
The orc priest mumbles some strange prayers to Beogh against you.
Beogh smites you!
You take 21 damage, and have 37/75 hp.
MASSIVE DAMAGE!!
The gnoll sergeant closely misses you.
Things that are here:
a +0 spear; a gnoll corpse You punch the gnoll sergeant!
You freeze the gnoll sergeant.
The gnoll sergeant is heavily wounded.
The orc priest looks satisfied for a moment.
The gnoll sergeant misses you.
You punch the gnoll sergeant! You freeze the gnoll sergeant!
You feel a bit better.
You kill the gnoll sergeant!
You howl as the wereblood boils in your veins!
You regained 2 hp, and now have 39/75 hp.
You hit the orc warrior but do no damage.
You punch the orc warrior! You freeze the orc warrior.
The orc warrior is heavily wounded.
The orc warrior hits you with a +3 long sword!
The orc priest invokes the aid of Beogh against you.
Beogh smites you!
* * * LOW HITPOINT WARNING * * *
You take 26 damage, and have 13/75 hp.
MASSIVE DAMAGE!!
You punch the orc warrior! You freeze the orc warrior.
The orc warrior is almost dead.
The orc warrior hits you with a +3 long sword.
* * * LOW HITPOINT WARNING * * *
You take 4 damage, and have 9/75 hp.
You completely miss the orc warrior.
The orc warrior is almost dead.
You howl as the wereblood boils in your veins!
The orc warrior closely misses you.
The orc warrior attacks as you move away!
The orc warrior hits you with a +3 long sword!
You die...

#####.#####
#.#
#...'.'...#
#.#
#.###.###.#
#.# #.# #.#
#.#
###.###'###.#
..........'.#
###.###'###.#
#.# #.# #)#
#.# #.# #Y#
..# #o# ###
#g# #o###
#+#######oo.#
............#
...........#
...........#
####.......#


You could see an orc warrior, an orc priest, a gnoll and 2 orcs.

Vanquished Creatures
  A two-headed ogre (D:8)
  Grinder (D:6)
  2 water moccasins
  2 orc warriors
  2 black bears
  2 sky beasts (D:7)
  3 centaurs
  2 ogres
  A phantom (D:5)
  A kobold brigand (D:8)
  A bullfrog (D:4)
  3 necrophages
  A gnoll sergeant (D:9)
  A scorpion (D:4)
  4 wights (D:8)
  4 hounds
  A jelly (D:7)
  7 orc priests
  A gnoll bouda (D:8)
  2 iguanas
  8 orc wizards
  Robin (D:4)
  9 gnolls
  6 adders
  A white imp (D:5)
  3 worms
  7 dart slugs
  27 orcs
  7 ball pythons
  9 endoplasms
  4 giant cockroaches
  15 goblins
  7 hobgoblins
  7 jackals
  9 kobolds
  7 quokkas
  4 bats
  6 frilled lizards
  6 rats
185 creatures vanquished.

Vanquished Creatures (others)
  13 fungi (D:9)
  10 plants (D:9)
23 creatures vanquished.

Grand Total: 208 creatures vanquished

Notes
Turn   | Place    | Note
-------+----------+-------------------------------------------
     0 | D:1      | Dirtsage the Octopode Transmuter began the quest for the
                  | Orb.
     0 | D:1      | Reached XP level 1. HP: 13/13 MP: 3/3
   163 | D:1      | Reached skill level 1 in Ice Magic
   163 | D:1      | Reached XP level 2. HP: 15/18 MP: 3/5
   490 | D:1      | Found a faded altar of an unknown god.
   736 | D:1      | Reached XP level 3. HP: 20/23 MP: 4/6
   739 | D:1      | Learned a level 2 spell: Wereblood
  1468 | D:2      | Reached XP level 4. HP: 28/28 MP: 7/7
  2157 | D:3      | Reached XP level 5. HP: 33/33 MP: 6/8
  2424 | D:4      | Learned a level 4 spell: Ice Form
  2533 | D:4      | Reached XP level 6. HP: 29/38 MP: 3/9
  2598 | D:4      | Noticed Robin
  2657 | D:4      | Killed Robin
  2822 | D:4      | Found a runed translucent door.
  2823 | D:4      | Noticed Crazy Yiuf
  2918 | D:4      | Reached skill level 5 in Transmutations
  3134 | D:4      | Reached XP level 7. HP: 43/43 MP: 4/10
  3182 | D:4      | Reached skill level 5 in Ice Magic
  3439 | D:5      | Entered Level 5 of the Dungeon
  3454 | D:5      | Reached XP level 8. HP: 48/48 MP: 7/11
  3627 | D:5      | Found a broken altar of Ashenzari.
  3631 | D:5      | Saw a vision of the Swamp and the Snake Pit.
  3631 | D:5      | Noticed a black mamba
  3631 | D:5      | Noticed a salamander
  3631 | D:5      | Noticed a shambling mangrove
  3632 | D:5      | Noticed an eight-headed hydra
  3632 | D:5      | Noticed a bog body
  3632 | D:5      | Noticed an anaconda
  3632 | D:5      | Noticed a will-o-the-wisp
  3633 | D:5      | Noticed a spriggan rider
  3633 | D:5      | Noticed a five-headed hydra
  3633 | D:5      | Noticed a bog body
  4485 | D:6      | Found a staircase to the Ecumenical Temple.
  4486 | D:6      | Noticed Grinder
  4526 | D:6      | Reached XP level 9. HP: 53/53 MP: 8/12
  4594 | Temple   | Entered the Ecumenical Temple
  4599 | Temple   | Became a worshipper of the Shining One
  4722 | D:6      | Killed Grinder
  4876 | D:6      | Found a snail-covered altar of Cheibriados.
  4990 | D:7      | Reached skill level 1 in Invocations
  5089 | D:7      | Reached skill level 1 in Summonings
  5334 | D:7      | Identified the +3 ring mail of the Old and Reckless {Dex+6}
  5738 | D:7      | Found a blossoming altar of Fedhas.
  5743 | D:7      | Identified the +1 falchion "Lauhuc" {antimagic, Drain Will+
                  | Int+3}
  6001 | D:8      | Noticed a two-headed ogre
  6015 | D:8      | Killed a two-headed ogre
  6121 | D:8      | Reached skill level 5 in Unarmed Combat
  6134 | D:8      | Reached XP level 10. HP: 53/63 MP: 8/13
  6662 | D:8      | Identified the +1 falchion "Xiehaem" {heavy, rC+}
  6954 | D:9      | Reached * piety under the Shining One
  7009 | D:9      | Slain by an orc warrior

Illustrated notes

Levels and vault maps discovered:
D:1:      dpeg_arrival_stonehenge_8_columns, layout_loops_corners,
          shapermc_ecumenical_altar_starsandcircs
D:2:      layout_basic
D:3:      layout_rooms, amcnicky_mini_corridor_feature
D:4:      minmay_octagon_keep, layout_cave_pools, uniq_robin,
          uniq_crazy_yiuf_cottage
D:5:      layout_cave_pools, grunt_ashenzari_visionary
          [grunt_ashenzari_visionary_swamp, grunt_ashenzari_visionary_snake],
          chequers_serial_rivers_marsh
D:6:      layout_cave_pools, kennysheep_slug_shrine,
          minmay_temple_entry_mini_moons, uniq_grinder
D:7:      layout_loops_ring, fedhas_altar_4
D:8:      layout_loops_ring
D:9:      layout_irregular_city, grunt_lair_entry_orc_guard_hut,
          minmay_door_square, roderic_batcave
Temple:   nicolae_temple_bog_church

Skill      XL: |  1  2  3  4  5  6  7  8  9 10 |
---------------+-------------------------------+-----
Ice Magic      | 1 2 3 4 6 7 8 |  8.0
Transmutations | 3 4 5 6 8 |  8.7
Invocations    | 2 3 |  3.3
Summonings     | 2 |  2.9
Fighting       | 3 |  3.2
Unarmed Combat | 5 |  5.5
Dodging        | 3 |  3.8
Spellcasting   | |  2.0

Action                   |  1- 3 |  4- 6 |  7- 9 | 10-12 || total
-------------------------+-------+-------+-------+-------++-------
Melee: Unarmed           |    73 |   107 |   164 |    34 ||   378
       Constrict         |    17 |    15 |     3 |       ||    35
       Kick              |    17 |     8 |     1 |       ||    26
       Tentacles         |    11 |     8 |     2 |       ||    21
       Punch             |     1 |       |       |       ||     1
 Cast: Beastly Appendage |    18 |     7 |     1 |       ||    26
       Wereblood         |     1 |     8 |     5 |     4 ||    18
       Ice Form          |       |     8 |    21 |     4 ||    33
  Use: Scroll            |       |       |       |     8 ||     8
 Stab: Sleeping          |     7 |     3 |     2 |       ||    12
Armor: Skin              |     3 |    20 |    54 |     8 ||    85
Dodge: Dodged            |    31 |    61 |    81 |    17 ||   190

Table legend: (Time is in decaauts)
 A = Elapsed time spent in this place.
 B = Non-inter-level travel time spent in this place.
 C = Inter-level travel time spent in this place.
 D = Time resting spent in this place.
 E = Time spent auto-exploring this place.
 F = Levels seen in this place.
 G = Mean time per level.
                   A        B        C        D        E       F      G
               +--------+--------+--------+--------+--------+-----+--------+
         Total |   6980 |   6703 |    277 |     53 |   5499 |  10 |  698.0 |
       Dungeon |   6970 |   6697 |    273 |     53 |   5499 |   9 |  774.4 |
        Temple |     10 |      6 |      4 |      0 |      0 |   1 |   10.0 |
               +--------+--------+--------+--------+--------+-----+--------+

Top non-repeatable levels by time:
     D:1: 1181 daAuts
     D:4: 1107 daAuts
     D:8: 1084 daAuts
     D:7: 789 daAuts
     D:6: 771 daAuts
     D:2: 724 daAuts
     D:5: 650 daAuts
     D:3: 502 daAuts
     D:9: 160 daAuts
  Temple: 10 daAuts
